 Dungeon Crawl Stone Soup version 0.28.0-47-ge53b351184 (webtiles) character file.

Game seed: 2876884683123745561

797 H0rd4k the Magician (level 7, -1/37 HPs)
             Began as a Deep Elf Hedge Wizard on May 3, 2022.
             Slain by a centaur (2 damage)
             ... on level 5 of the Dungeon.
             The game lasted 00:06:25 (5897 turns).

H0rd4k the Magician (Deep Elf Hedge Wizard)         Turns: 5897, Time: 00:06:25

Health: -1/37      AC:  2    Str:  7    XL:     7   Next: 58%
Magic:  1/20       EV: 13    Int: 21    God:
Gold:   147        SH:  0    Dex: 14    Spells: 9/21 levels left

rFire   . . .      SeeInvis .   s - +2 dagger (speed)
rCold   . . .      Faith    .   (no shield)
rNeg    . . .      Spirit   .   b - +0 robe
rPois   .          Reflect  .   c - +0 hat
rElec   .          Harm     .   (no cloak)
rCorr   .          Rampage  .   (no gloves)
Will    .....                   (no boots)
Stlth   ++........              (no amulet)
HPRegen 0.12/turn               (no ring)
MPRegen 0.17/turn               (no ring)

@: no status effects
A: no striking features
a: no special abilities


You were on level 5 of the Dungeon.
You visited 1 branch of the dungeon, and saw 5 of its levels.

You collected 147 gold pieces.

Inventory:

Hand Weapons
 s - a +2 dagger of speed (weapon)
Armour
 b - a +0 robe (worn)
 c - a +0 hat (worn)
 i - a scarf of shadows
Jewellery
 a - a ring of flight
Scrolls
 d - 6 scrolls of identify {unknown}
 e - 4 scrolls of teleportation {unknown}
 h - a scroll of noise {unknown}
 k - a scroll of vulnerability {unknown}
 l - 2 scrolls of magic mapping {unknown}
 r - a scroll of silence {unknown}
 u - a scroll of acquirement {unknown}
Potions
 f - a potion of mutation {unknown}
 g - a potion of degeneration {unknown}
 j - 2 potions of flight {unknown}
 m - a potion of invisibility {unknown}
 o - a potion of attraction {unknown}
 p - a potion of resistance {unknown}
 q - a potion of brilliance {unknown}
 t - a potion of might {unknown}


   Skills:
 + Level 0.3 Fighting
 + Level 0.4 Short Blades
 + Level 3.8 Dodging
 - Level 2.4 Stealth
 + Level 7.9 Spellcasting
 + Level 5.3 Conjurations
 + Level 1.1 Summonings
 * Level 2.1 Translocations
 + Level 1.4 Fire Magic
 + Level 1.8 Air Magic
 + Level 1.9 Poison Magic


You had 9 spell levels left.
You knew the following spells:

 Your Spells              Type           Power      Damage    Failure   Level
a - Magic Dart            Conj           100%       1d8       1%          1
b - Blink                 Tloc           34%        N/A       4%          2
c - Conjure Flame         Conj/Fire      22%        6-21      6%          3
d - Mephitic Cloud        Conj/Pois/Air  21%        N/A       7%          3
e - Lesser Beckoning      Tloc           17%        N/A       10%         3

Your spell library contained the following spells:

 Spells                   Type           Power      Damage    Failure   Level
 Sting                    Tmut/Pois      48%        1d5       5%          1
 Poisonous Vapours        Pois/Air       32%        N/A       5%          2
 Call Imp                 Summ           13%        N/A       8%          2
 Slow                     Hex            32%        N/A       9%          1
 Confusing Touch          Hex            8%         N/A       24%         3
 Vampiric Draining        Necr           8%         2d6       24%         3
 Olgreb's Toxic Radiance  Pois           16%        N/A       36%         4
 Manifold Assault         Tloc           17%        N/A       67%         5


Dungeon Overview and Level Annotations

Branches:
Dungeon (5/15)
 Temple: D:4-7

Altars:
Elyvilon
Qazlal
Sif Muna
Wu Jian

Shops:
D:3 !

Annotations:
D:4 exclusion: downstairs


Message History

You are too depleted to draw on your mana recklessly!
You are too depleted to draw on your mana recklessly!
Okay, then.
The centaur seems less confused.
The centaur wields a +0 shortbow.
The centaur shoots an arrow.
The arrow hits you!
The centaur shoots an arrow.
The arrow hits you!
Casting: Magic Dart (safe; 1% risk of failure)
Confirm with . or Enter, or press ? or * to list all spells.
Aiming: Magic Dart (safe; 1% risk of failure)
Press: ? - help, Shift-Dir - straight line, f/p - centaur
Aim: a centaur, wielding a +0 shortbow and quivering arrows (almost dead, 100% to hit)
The magic dart hits the centaur but does no damage.
The centaur is almost dead.
The centaur shoots an arrow.
The arrow hits you.
* * * LOW HITPOINT WARNING * * *
Aiming: Charm
Press: ? - help, Shift-Dir - straight line, f/p - centaur
Aim: a centaur, wielding a +0 shortbow and quivering arrows (almost dead, chance to affect: 49%)
The centaur resists with some effort.
The centaur shoots an arrow.
The arrow hits you!
* * * LOW HITPOINT WARNING * * *
The centaur shoots an arrow.
The arrow misses you.
Aiming: Charm
Press: ? - help, Shift-Dir - straight line, f/p - centaur
Aim: a centaur, wielding a +0 shortbow and quivering arrows (almost dead, chance to affect: 49%)
The centaur resists with some effort.
The centaur shoots an arrow.
The arrow barely misses you.
Unknown command.
Aiming: Charm
Press: ? - help, Shift-Dir - straight line, f/p - centaur
Aim: a centaur, wielding a +0 shortbow and quivering arrows (almost dead, chance to affect: 49%)
The centaur resists with some effort.
The centaur unwields a +0 shortbow.
The centaur misses you. The centaur closely misses you.
Unknown command.
Aiming: Charm
Press: ? - help, Shift-Dir - straight line, f/p - centaur
Aim: a centaur, quivering arrows (almost dead, chance to affect: 49%)
The centaur resists with some effort.
The now-empty wand crumbles to dust.
The centaur completely misses you. The centaur kicks you.
You die...

###...#.##.# #..
#.###.##.#########
...
#...#.##.........#
###.#.##########.#
#...# #.# #####
###.# #...# #.###
#@# #c# #.###
#####...##
#...†....##
#.........#
#..(......#
#########)# .#


You could see a centaur.

Vanquished Creatures
  A black bear (D:5)
  An ogre (D:5)
  2 scorpions (D:5)
  A water moccasin skeleton (D:3)
  A howler monkey (D:5)
  2 jellies
  A bullfrog zombie (D:5)
  A hound (D:5)
  A centaur skeleton (D:5)
  An iguana (D:4)
  2 orc wizards (D:4)
  A howler monkey skeleton (D:4)
  8 adders
  2 dart slugs
  12 orcs
  3 bats
  6 endoplasms
  A giant cockroach (D:2)
  7 hobgoblins
  5 jackals
  5 quokkas
  8 ball pythons
  4 frilled lizards
  9 goblins
  9 kobolds
  9 rats
103 creatures vanquished.

Notes
Turn   | Place    | Note
-------+----------+-------------------------------------------
     0 | D:1      | H0rd4k the Deep Elf Hedge Wizard began the quest for the
                  | Orb.
     0 | D:1      | Reached XP level 1. HP: 10/10 MP: 7/7
   400 | D:1      | Reached XP level 2. HP: 13/15 MP: 1/9
   583 | D:1      | Reached skill level 5 in Spellcasting
  1103 | D:1      | Reached XP level 3. HP: 19/19 MP: 7/11
  1106 | D:1      | Learned a level 2 spell: Blink
  1110 | D:1      | Learned a level 3 spell: Conjure Flame
  1114 | D:1      | Learned a level 3 spell: Mephitic Cloud
  1840 | D:2      | Found a shimmering blue altar of Sif Muna.
  2253 | D:2      | Identified the +7 hand axe "Raireh" {flame, rF++}
  2309 | D:3      | Reached XP level 4. HP: 24/24 MP: 9/13
  2432 | D:3      | Found Vainyny's Distillery.
  2481 | D:3      | Found a faded altar of an unknown god.
  2839 | D:3      | Reached skill level 1 in Fire Magic
  2888 | D:3      | Reached skill level 1 in Air Magic
  2888 | D:3      | Reached XP level 5. HP: 28/28 MP: 11/15
  2975 | D:3      | Reached skill level 1 in Poison Magic
  3090 | D:3      | Reached skill level 6 in Spellcasting
  3344 | D:3      | Learned a level 3 spell: Lesser Beckoning
  3756 | D:4      | Identified the +3 ring mail of Ofaigaf {Str+2}
  4440 | D:4      | Found an ornate altar of the Wu Jian Council.
  4449 | D:4      | Found a white marble altar of Elyvilon.
  4573 | D:5      | Entered Level 5 of the Dungeon
  4780 | D:4      | Reached XP level 6. HP: 26/32 MP: 9/17
  5156 | D:5      | Found a stormy altar of Qazlal.
  5414 | D:5      | Reached skill level 7 in Spellcasting
  5582 | D:5      | Reached skill level 5 in Conjurations
  5582 | D:5      | Reached XP level 7. HP: 36/36 MP: 7/19
  5894 | D:5      | HP: 1/37 [centaur/arrow (7)]
  5897 | D:5      | Slain by a centaur

Illustrated notes

Levels and vault maps discovered:
D:1:      psy_arrival_fountain, layout_loops_ring, hangedman_decor_growths
D:2:      layout_rooms, basic_altar
D:3:      layout_basic, basic_ecumenical_altar, serial_shops,
          nicolae_shop_trees, hex_large, minmay_misc_feat_roman
D:4:      layout_loops_ring, mainiacjoe_overflow_swirl
D:5:      layout_basic, kennysheep_little_box

Skill      XL: |  1  2  3  4  5  6  7 |
---------------+----------------------+-----
Dodging        | 3 |  3.8
Spellcasting   | 5 6 7 |  7.9
Conjurations   | 2 3 5 |  5.3
Fire Magic     | 1 |  1.4
Air Magic      | 1 |  1.8
Poison Magic   | 1 |  1.9
Translocations | 2 |  2.1
Fighting       | |  0.3
Short Blades   | |  0.4
Stealth        | |  2.4
Summonings     | |  1.1

Action                   |  1- 3 |  4- 6 |  7- 9 || total
-------------------------+-------+-------+-------++-------
Melee: Dagger            |     4 |     3 |       ||     7
 Cast: Magic Dart        |   109 |   147 |    33 ||   289
       Mephitic Cloud    |       |     7 |     1 ||     8
       Blink             |       |     4 |       ||     4
       Conjure Flame     |       |     4 |     2 ||     6
       Lesser Beckoning  |       |       |     1 ||     1
Evoke: Wand              |       |       |     4 ||     4
Armor: Robe              |     4 |    10 |     3 ||    17
Dodge: Dodged            |    15 |    33 |    12 ||    60
